 Dungeon Crawl Stone Soup version 0.26.1-15-g04117e645d (webtiles) character file.

Game seed: 4750895894840349902

39 NoSkeletonsAllowed the Insei (level 3, -15/40 HPs)
             Began as a Human Warper on Mar 10, 2022.
             Killed by an exploding a worker ant (18 damage)
             ... exploding inner flame
             ... on level 1 of the Dungeon on Mar 12, 2022.
             The game lasted 00:10:28 (2333 turns).

NoSkeletonsAllowed the Insei (Human Warper)         Turns: 2333, Time: 00:10:28

Health: -15/40     AC: 21    Str: 12    XL:     3   Next: 70%
Magic:  4/6        EV:  2    Int: 13    God:
Gold:   22         SH:  0    Dex: 12    Spells: 4/6 levels left

rFire    . . .     SeeInvis .     - Unarmed
rCold    . . .     Faith    .   (no shield)
rNeg     + + +     Spirit   .   (armour currently unavailable)
rPois    +         Reflect  .   (helmet currently unavailable)
rElec    .         Harm     .   (cloak currently unavailable)
rCorr    .         Rampage  .   (gloves currently unavailable)
Will     .....     NoTele   +   (boots currently unavailable)
Stlth    +.........             (no amulet)
HPRegen  0.13/turn              (no ring)
MPRegen  0.10/turn              (no ring)

@: lethally poisoned (-15 -> -17), tree-form, hasted, very quick
A: no striking features
a: no special abilities


You were on level 1 of the Dungeon.
You were a tree.
You visited 1 branch of the dungeon, and saw 2 of its levels.

You collected 22 gold pieces.

Inventory:

Missiles
 h - 44 stones (quivered)
Armour
 a - a +0 leather armour (melded)
 b - a +0 robe
 f - a +0 chain mail
Scrolls
 c - 3 scrolls of identify


   Skills:
 + Level 2.1 Fighting
 - Level 1.0 Throwing
 - Level 1.0 Armour
 + Level 2.3 Dodging
 * Level 3.4 Unarmed Combat
 - Level 2.0 Spellcasting
 - Level 3.0 Translocations


You had 4 spell levels left.
You knew the following spells:

 Your Spells              Type           Power        Failure   Level
a - Blink                 Tloc           N/A          11%         2

Your spell library contained the following spells:

 Spells                   Type           Power        Failure   Level
 Gell's Gravitas          Tloc           4%           22%         3
 Lesser Beckoning         Tloc           4%           22%         3
 Teleport Other           Tloc           9%           22%         3
 Passage of Golubria      Tloc           N/A          58%         4


Dungeon Overview and Level Annotations

Branches:
Dungeon (2/15)

Altars:


Message History

You blink.
* * * LOW HITPOINT WARNING * * *
You feel sick.
It was a potion of lignification.
You turn into a tree.
Your +0 leather armour melds into your body.
Your roots penetrate the ground.
As you read the scroll labelled PEMAITSIWNONUT, it crumbles to dust.
The creatures around you are filled with an inner flame!
It was a scroll of immolation.
You feel sick.
Casting: Blink (safe; 11% risk of failure)
Confirm with . or Enter, or press ? or * to list all spells.
You don't know that spell.
Casting: Blink (safe; 11% risk of failure)
Confirm with . or Enter, or press ? or * to list all spells.
You cannot blink because you are held in place by your roots.
You feel yourself speed up.
You smack the worker ant!
The worker ant explodes!
The fiery explosion engulfs you!!
You die...

.....###.........###.#.###.##.#.#
.##### ###.#.>.####.###.##.##...#
.#########......##.## ##....#####
..........B...)...## ##....#
..#######.#......#.## ##.....#
..# #.##...#.##.###.##.#.# ..#
#.###.##.###.#.###.#.#
..#######.###.##§..........#.#
..............§§♣.....######.#
#######.#############.# #.#
......#.#†..........#.# #.#
.####.#g#.####.####.#.######.#
.#w...#.#....#.#....#........#
.#)####.####.#.#.####.########
.#...........#.#......#
.#############.######.#
............§.........#


There were no monsters in sight!

Vanquished Creatures
  A worker ant (D:1)
  An ooze (D:2)
  A dart slug (D:1)
  A leopard gecko (D:1)
  A ball python (D:2)
  6 bats
  A giant cockroach (D:1)
  2 goblins (D:1)
  4 hobgoblins (D:1)
  4 jackals (D:1)
  4 frilled lizards
  2 kobolds
  5 rats
33 creatures vanquished.

Notes
Turn   | Place    | Note
-------+----------+-------------------------------------------
     0 | D:1      | NoSkeletonsAllowed the Human Warper began the quest for the
                  | Orb.
     0 | D:1      | Reached XP level 1. HP: 16/16 MP: 3/3
   215 | D:1      | Reached XP level 2. HP: 22/22 MP: 5/5
   440 | D:1      | Learned a level 2 spell: Blink
   884 | D:1      | Reached XP level 3. HP: 27/27 MP: 6/6
  2333 | D:1      | Killed by an exploding a worker ant... exploding inner
                  | flame

Illustrated notes

Levels and vault maps discovered:
D:1:      shiori_shiawase, layout_loops_ring, moated_statue, roderic_lattice_a
D:2:      layout_rooms, minmay_misc_feat_five,
          hangedman_abyss_or_decor_lesser_grid

Skill      XL: |  1  2 |
---------------+-------+-----
Unarmed Combat | 3 |  3.4
Fighting       | |  2.1
Throwing       | |  1.0
Armour         | |  1.0
Dodging        | |  2.3
Spellcasting   | |  2.0
Translocations | |  3.0

Action                   || total
-------------------------++-------
Melee: Unarmed           ||   158
Throw: Boomerang         ||     5
       Stone             ||    13
 Cast: Blink             ||     4
  Use: Scroll            ||     4
       Potion            ||     2
Armor: Leather armour    ||    79
Dodge: Dodged            ||   130
